 Dungeon Crawl Stone Soup version 0.21-a0-513-gdcb3f5e (webtiles) character file.

1118 nono the Shield-Bearer (level 8, -2/46 HPs)
             Began as a Tengu Fighter on Dec 2, 2017.
             Slain by an ice beast (14 damage)
             ... on level 5 of the Dungeon.
             The game lasted 00:12:19 (4083 turns).

nono the Shield-Bearer (Tengu Fighter)              Turns: 4083, Time: 00:12:21

Health: -2/46      AC:  7    Str: 19    XL:     8   Next: 34%
Magic:  9/9        EV: 13    Int:  9    God:
Gold:   432        SH: 10    Dex: 13    Spells: 7/7 levels left

rFire    + . .     SeeInvis .   a - +0 long sword
rCold    . . .     Gourm    .   c - +0 shield
rNeg     . . .     Faith    .   E - +2 leather armour {rPois}
rPois    +         Spirit   .   (helmet restricted)
rElec    .         Reflect  .   (no cloak)
rCorr    .         Harm     .   n - +0 pair of gloves
MR       .....                  (boots unavailable)
Stlth    +.........             (no amulet)
HPRegen  0.15/turn              h - +1 ring of protection
MPRegen  0.11/turn              t - ring of protection from fire

@: no status effects
A: beak, talons 3, able to fly 1
a: Fly


You were on level 5 of the Dungeon.
You were hungry.

You visited 1 branch of the dungeon, and saw 5 of its levels.
You also visited: Ossuary.

You collected 432 gold pieces.

Inventory:

Hand Weapons
 a - a +0 long sword (weapon)
 p - a +1 short sword of venom
 y - a +2 dagger of venom
 K - a +2 vampiric falchion
Missiles
 A - 4 tomahawks (quivered)
Armour
 b - a +0 scale mail
 c - a +0 shield (worn)
 n - a +0 pair of gloves (worn)
 E - a +2 leather armour of poison resistance (worn)
Jewellery
 h - a +1 ring of protection (left hand)
 j - a +4 ring of intelligence
 r - an uncursed ring of fire
 t - a ring of protection from fire (right hand)
 v - an uncursed ring of positive energy
Wands
 x - a wand of polymorph (1)
Scrolls
 k - a scroll of fear
 m - 2 scrolls of teleportation {unknown}
 o - 2 scrolls of immolation
 u - a scroll of random uselessness {unknown}
 B - 3 scrolls of blinking {unknown}
 C - 2 scrolls of amnesia
 D - 2 scrolls of remove curse {unknown}
 J - a scroll of brand weapon
 L - a scroll of magic mapping {unknown}
 M - a scroll of enchant armour {unknown}
 N - a scroll of identify
Potions
 d - a potion of haste
 e - a potion of mutation {unknown}
 g - a potion of heal wounds {unknown}
 q - a potion of flight
 s - 4 potions of lignification
 z - a potion of invisibility
 G - 2 potions of agility
 H - a potion of might
 I - a potion of curing
Books
 w - a book of Misfortune

   Spells                             Type                      Level
   a - Confusing Touch                Hexes                        1
   b - Confuse                        Hexes                        3
   c - Gell's Gravitas                Translocation                3
   d - Petrify                        Transmutation/Earth          4
   e - Metabolic Englaciation         Hexes/Ice                    5
   f - Yara's Violent Unravelling     Hexes/Transmutation          5
Comestibles
 f - 3 bread rations
 i - 2 fruits
 l - 2 meat rations
 F - 3 royal jellies


   Skills:
 - Level 3.0 Fighting
 - Level 2.6 Long Blades
 - Level 5.1 Armour
 + Level 6.6 Dodging
 + Level 6.9 Shields


You had 7 spell levels left.
You didn't know any spells.

Dungeon Overview and Level Annotations

Branches:
Dungeon (5/15)
 Temple: D:4-7

Altars:


Innate Abilities, Weirdness & Mutations

You have a beak for a mouth.
You have claws for feet.
You can fly.


Message History

The bullfrog zombie hits you but does no damage.
You hit the bullfrog zombie. You claw the bullfrog zombie.
Your peck misses the bullfrog zombie.
The bullfrog zombie is severely damaged.
The bullfrog zombie closely misses you.
You riposte.
You hit the bullfrog zombie. You claw the bullfrog zombie.
The bullfrog zombie is severely damaged.
The bullfrog zombie barely misses you. You block the bullfrog zombie's attack.
The ice beast hits you. The ice beast freezes you!
* * * LOW HITPOINT WARNING * * *
The crimson imp blinks!
You slash the bullfrog zombie! Your peck misses the bullfrog zombie.
The bullfrog zombie is almost destroyed.
You block the bullfrog zombie's attack.
The bullfrog zombie hits you but does no damage.
The ice beast hits you.
* * * LOW HITPOINT WARNING * * *
The ice beast freezes you!
You die...

......##................#.......#
........................#.......#
........................#####....
.........#####...Y##...## ....
.......##......#####...# ...
..................####.#
..#....##.........####...
............5..YZ.........
..#....#...####.@..###.....
.......#...# #....# ....
.......#...# #....# .......#...##
#...## ......##....###...#
......##..........#
......##.........##
.................#
................


You could see an ice beast, a crimson imp and a bullfrog zombie.

Vanquished Creatures
  Sigmund (D:3)
  Edmund (D:4)
  2 ogres (D:5)
  2 scorpions
  A crimson imp (D:5)
  2 jellies
  4 orc wizards
  A bullfrog skeleton (D:4)
  Ijyb (D:3)
  A worker ant (D:4)
  Natasha (D:3)
  A big kobold zombie (Ossuary)
  8 mummies (Ossuary)
  Robin (D:4)
  3 adders
  2 shadow imps (D:5)
  An ooze (D:5)
  An adder zombie (D:5)
  4 dart slugs
  3 leopard geckos
  10 orcs
  A ball python (D:2)
  2 giant cockroaches
  16 goblins
  5 hobgoblins
  2 jackals (D:2)
  7 bats
  3 frilled lizards
  3 hobgoblin zombies (Ossuary)
  9 kobolds
  A leopard gecko skeleton (D:5)
  4 orc zombies (Ossuary)
  8 rats
112 creatures vanquished.

Notes
Turn   | Place    | Note
-------+----------+-------------------------------------------
     0 | D:1      | nono the Tengu Fighter began the quest for the Orb.
     0 | D:1      | Reached XP level 1. HP: 14/14 MP: 2/2
   119 | D:1      | Reached XP level 2. HP: 19/19 MP: 3/3
   243 | D:1      | Reached skill level 1 in Dodging
   541 | D:1      | Reached XP level 3. HP: 23/23 MP: 4/4
   747 | D:2      | Noticed a scorpion
   759 | D:2      | Killed a scorpion
   759 | D:2      | Reached XP level 4. HP: 18/28 MP: 5/5
  1215 | D:3      | Noticed Ijyb
  1227 | D:3      | Gained mutation: You can fly. [Tengu growth]
  1227 | D:3      | Reached XP level 5. HP: 30/32 MP: 6/6
  1250 | D:3      | Killed Ijyb
  1514 | D:3      | Noticed Natasha
  1520 | D:3      | Killed Natasha
  1569 | D:3      | Reached XP level 6. HP: 37/37 MP: 7/7
  1587 | D:3      | Noticed Sigmund
  1593 | D:3      | Killed Sigmund
  1593 | D:3      | Reached skill level 5 in Shields
  1766 | D:3      | Reached XP level 7. HP: 17/41 MP: 8/8
  1768 | D:4      | Noticed Robin
  1783 | D:4      | Killed Robin
  2035 | D:4      | Reached skill level 5 in Dodging
  2112 | D:4      | Noticed Edmund
  2131 | D:4      | Killed Edmund
  2131 | D:4      | Reached skill level 5 in Armour
  2192 | D:4      | Found a sand-covered staircase.
  2197 | Ossuary  | Entered an ossuary
  3266 | D:5      | Entered Level 5 of the Dungeon
  3290 | D:5      | Reached XP level 8. HP: 37/46 MP: 9/9
  4083 | D:5      | Slain by an ice beast

Vault maps used:
D:1:      lemuel_arrival_room
D:2:      first_bread
D:3:      uniq_natasha, uniq_crazy_yiuf_cottage, uniq_sigmund, uniq_ijyb
D:4:      nicolae_ossuary_entry_plus, hangedman_glass_teeth, uniq_edmund,
          uniq_robin
D:5:      dk_vineyard_2, grunt_qazlal_sundering
Ossuary:  ossuary_tomb_3

Skill      XL: |  1  2  3  4  5  6  7  8 |
---------------+-------------------------+-----
Dodging        | 1 2 3 4 5 6 |  6.6
Shields        | 4 5 6 |  6.9
Armour         | 4 5 |  5.1
Fighting       | |  3.0
Long Blades    | |  2.6

Action                   |  1- 3 |  4- 6 |  7- 9 || total
-------------------------+-------+-------+-------++-------
Melee: Long sword        |    32 |       |    50 ||    82
       Peck              |    17 |    13 |    31 ||    61
       Kick              |    11 |    22 |    52 ||    85
       Short sword       |    32 |    39 |       ||    71
       Dagger            |       |    44 |    96 ||   140
       Unarmed           |       |    15 |       ||    15
  Use: Scroll            |       |     2 |    10 ||    12
       Potion            |       |       |     3 ||     3
 Stab: Confused          |       |     1 |       ||     1
  Eat: Chunk             |       |     2 |     6 ||     8
       Fruit             |       |       |     2 ||     2
Armor: Scale mail        |    21 |    38 |    24 ||    83
       Leather armour    |       |       |    17 ||    17
Dodge: Dodged            |    21 |    35 |    43 ||    99
Block: Shield            |    36 |    37 |    65 ||   138
       Rpst.: Long sword |     2 |       |     7 ||     9

Table legend:
 A = Spawn XP
 B = Non-spawn XP
 C = Spawn XP percentage of total XP
 D = Spawn monster count
 E = Non-spawn monster count
 F = Spawn count percentage of total count
 G = Total turns spent on level
                    A         B        C        D         E        F      G
               +---------+---------+-------+---------+---------+-------+---------
         Total |       0 |    1598 |   0.0 |       0 |     112 |   0.0 |  4083
               +---------+---------+-------+---------+---------+-------+---------
           D:1 |       0 |      42 |   0.0 |       0 |      24 |   0.0 |   709
           D:2 |       0 |     121 |   0.0 |       0 |      18 |   0.0 |   455
           D:3 |       0 |     484 |   0.0 |       0 |      22 |   0.0 |   604
           D:4 |       0 |     346 |   0.0 |       0 |      17 |   0.0 |   885
           D:5 |       0 |     425 |   0.0 |       0 |      15 |   0.0 |   817
       Ossuary |       0 |     180 |   0.0 |       0 |      16 |   0.0 |   613
               +---------+---------+-------+---------+---------+-------+---------
